 Dungeon Crawl Stone Soup version 0.26-a0-712-ga5a9c9c9d0 (webtiles) character file.

Game seed: 6444214697635482789

2165 kae the Transmogrifier (level 9, -2/53 HPs)
             Began as an Octopode Transmuter on Nov 5, 2020.
             Slain by a gnoll
             ... wielding a +0 whip
              (8 damage)
             ... on level 6 of the Dungeon.
             The game lasted 00:10:02 (12158 turns).

kae the Transmogrifier (Octopode Transmuter)       Turns: 12158, Time: 00:10:02

Health: -2/53      AC:  1    Str: 13    XL:     9   Next: 32%
Magic:  11/15      EV: 13    Int: 15    God:
Gold:   475        SH:  0    Dex: 12    Spells: 3/16 levels left

rFire    x . .     SeeInvis .     - Unarmed
rCold    + + .     Faith    .   (shield currently unavailable)
rNeg     . . .     Spirit   .   (helmet restricted)
rPois    .         Reflect  .   (no amulet)
rElec    .         Harm     .   k - ring of ice
rCorr    .         Rampage  .   m - ring of attention (curse)
MR       .....                  j - ring of protection from cold
Stlth    +.........             (no ring)
HPRegen  0.17/turn              (no ring)
MPRegen  0.14/turn              (no ring)
                                (no ring)
                                (no ring)

@: blade tentacles, lightly drained
A: almost no armour, stealthy swim, amphibious, 8 rings, constrict 8, camouflage
1, gelatinous body 1
a: End Transformation


You were on level 6 of the Dungeon.
You had blades for tentacles.
You visited 1 branch of the dungeon, and saw 7 of its levels.
You also visited: Ossuary.

You collected 499 gold pieces.
You spent 24 gold pieces at shops.

Inventory:

Jewellery
 j - a ring of protection from cold (on tentacle)
 k - a ring of ice (left scythe-like blade)
 m - a cursed ring of attention (right scythe-like blade)
Wands
 l - a wand of paralysis (3)
 p - a wand of iceblast (4)
 x - a wand of random effects (16)
Scrolls
 a - 5 scrolls of teleportation
 b - a scroll of enchant armour
 d - 8 scrolls of remove curse
 f - a scroll of fear {unknown}
Potions
 c - a potion of invisibility
 e - 3 potions of curing
 g - 2 potions of flight
 h - 3 potions of stabbing
 i - 4 potions of lignification
 n - a potion of magic
 o - 4 potions of heal wounds
 r - a potion of mutation
 t - 2 potions of brilliance {unknown}
 u - 2 potions of might {unknown}
Miscellaneous
 w - a box of beasts (3/3)


   Skills:
 - Level 1.0(0.5) Fighting
 - Level 2.0(1.5) Dodging
 + Level 6.6(6.1) Unarmed Combat
 - Level 4.0(3.5) Spellcasting
 * Level 8.8(8.3) Transmutations
 + Level 3.4(2.9) Ice Magic
 - Level 3.0(2.5) Poison Magic


You had 3 spell levels left.
You knew the following spells:

 Your Spells              Type           Power        Failure   Level
a - Beastly Appendage     Tmut           ####..       13%         1
b - Spider Form           Tmut/Pois      ###.......   36%         3
c - Blade Hands           Tmut           ####......   58%         5
d - Ice Form              Ice/Tmut       ####....     61%         4

Your spell library contained the following spells:

 Spells                   Type           Power        Failure   Level
 Wereblood                Tmut           ####....     14%         2


Dungeon Overview and Level Annotations

Branches:
Dungeon (7/15)            Ossuary (visited)
 Temple: D:4-7

Altars:
Okawaru
Trog
Xom

Shops:
D:4 =

Annotations:
D:6 1 runed translucent door, EnegeticOcto's ghost, novice DDFi


Innate Abilities, Weirdness & Mutations

You cannot wear most types of armour.
You are very stealthy in the water. (Stealth+)
You are amphibious.
You can wear up to eight rings at the same time.
You can use your tentacles to constrict eight enemies at once.
Your skin changes colour to match your surroundings (Stealth+).
Your rubbery body absorbs attacks. (AC +1, EV +1)


Message History

Something hits you. Something shocks you. The gnoll hits you with a +0 whip.
You climb upwards.
Level annotation: 1 runed translucent door, EnegeticOcto's ghost, novice DDFi Reactivating autopickup.
There is a stone staircase leading down here.
You barely miss the gnoll. You grab the gnoll. You slash the gnoll!
The gnoll is severely wounded.
You constrict the gnoll. The gnoll hits you but does no damage.
Something hits you. Something shocks you.
Deactivating autopickup; reactivate with Ctrl-A.
The gnoll hits you with a +0 whip.
* * * LOW HITPOINT WARNING * * *
You slice the gnoll!!
You kill the gnoll!
Something hits you.
* * * LOW HITPOINT WARNING * * *
Something shocks you.
* * * LOW HITPOINT WARNING * * *
The gnoll hits you with a +0 whip!
You die...

..# #..# ###.###...###..## ##.#
### ##.###..............## #..
### #...................######.
#.## ##..<..................#...
#..#####...####.................#
#....[...### ##...............##
##......## #............#...#
##...##.# #)g........####..#
....##..# #@{.###....## ##..
#...##..# #.### #.....# ##.
.....#..## ###.# ##....## ##
###......#####...## #..#..## ## #
##..##..........## ##.####.###.
##.####..........###...##.....#
###..# ###..........#.........##
.....# ##...................#
.....# ###.....####.....#####.#


You could see a gnoll.

Vanquished Creatures
  An orc warrior (D:5)
  2 ogres
  A centaur (D:6)
  4 big kobolds
  A bullfrog (D:6)
  5 water moccasin zombies (Ossuary)
  A killer bee (D:7)
  3 wights (D:6)
  A howler monkey (D:4)
  A centaur zombie (D:5)
  3 hounds
  A bullfrog skeleton (D:5)
  2 orc wizards (D:6)
  3 orc priests
  Jessica (D:3)
  An iguana (D:7)
  Terence (D:3)
  5 worker ants
  A big kobold zombie (Ossuary)
  A hound skeleton (D:6)
  3 mummies
  15 gnolls
  5 adders
  A shadow imp (D:6)
  4 white imps
  6 adder zombies (Ossuary)
  An adder skeleton (D:4)
  2 worms (D:3)
  2 dart slugs
  3 leopard geckos
  19 orcs
  3 giant cockroaches
  36 goblins
  28 hobgoblins
  13 jackals
  2 quokkas (D:5)
  7 bats
  2 frilled lizards
  2 gnoll zombies (Ossuary)
  2 hobgoblin zombies (Ossuary)
  15 kobolds
  2 kobold zombies (Ossuary)
  4 orc zombies (Ossuary)
  2 rats (D:1)
218 creatures vanquished.

Notes
Turn   | Place    | Note
-------+----------+-------------------------------------------
     0 | D:1      | kae the Octopode Transmuter began the quest for the Orb.
     0 | D:1      | Reached XP level 1. HP: 13/13 MP: 3/3
   474 | D:1      | Reached XP level 2. HP: 10/18 MP: 1/5
   906 | D:1      | Reached skill level 3 in Transmutations
   906 | D:1      | Reached XP level 3. HP: 23/23 MP: 6/6
   911 | D:1      | Learned a level 3 spell: Spider Form
  1825 | D:2      | Reached skill level 1 in Poison Magic
  1846 | D:2      | Reached XP level 4. HP: 17/28 MP: 5/7
  2369 | D:3      | Reached XP level 5. HP: 19/33 MP: 8/8
  2749 | D:3      | Noticed Jessica
  2756 | D:3      | Reached skill level 4 in Transmutations
  2766 | D:3      | Killed Jessica
  2774 | D:3      | HP: 1/33 [leopard gecko (4)]
  3188 | D:3      | Noticed Terence
  3197 | D:3      | Killed Terence
  3320 | D:3      | Reached XP level 6. HP: 20/38 MP: 7/9
  3540 | D:3      | Found an iron altar of Okawaru.
  4040 | D:4      | Found a shimmering altar of Xom.
  4231 | D:4      | Found Anegisar's Jewellery Shop.
  4234 | D:4      | Bought a cursed amulet of inaccuracy for 24 gold pieces
  4270 | D:4      | Noticed a phantom
  4278 | D:4      | Reached skill level 5 in Transmutations
  5274 | D:5      | Entered Level 5 of the Dungeon
  5501 | D:5      | Noticed an orc warrior
  5518 | D:5      | Killed an orc warrior
  5524 | D:5      | Reached XP level 7. HP: 28/43 MP: 10/10
  6014 | D:5      | Found a bloodstained altar of Trog.
  7104 | D:5      | Reached skill level 6 in Transmutations
  7441 | D:5      | Reached skill level 5 in Unarmed Combat
  7758 | D:5      | HP: 2/43 [big kobold/+1 whip of electrocution (20)]
  8025 | D:5      | Reached XP level 8. HP: 23/48 MP: 13/13
  8647 | D:5      | Reached skill level 7 in Transmutations
  9003 | D:6      | Learned a level 5 spell: Blade Hands
  9008 | D:6      | Learned a level 4 spell: Ice Form
  9406 | D:6      | Found a sand-covered staircase.
  9418 | Ossuary  | Entered an ossuary
  9520 | Ossuary  | Reached skill level 1 in Ice Magic
 10119 | Ossuary  | Reached skill level 8 in Transmutations
 10593 | D:6      | Reached XP level 9. HP: 23/53 MP: 10/15
 11160 | D:6      | Noticed EnegeticOcto's ghost (novice DDFi)
 11161 | D:6      | Found a runed translucent door.
 12158 | D:6      | Slain by a gnoll

Illustrated notes

Levels and vault maps discovered:
D:1:      lemuel_arrival_muddy, layout_basic, amethyst_killhole,
          roderic_roman_lattice
D:2:      layout_loops_ring
D:3:      layout_basic, kennysheep_okawaru_gauntlet, uniq_terence, uniq_jessica
D:4:      layout_rooms, nicolae_overflow_crystal_walls, serial_shops,
          kennysheep_mini_moat
D:5:      minmay_goblin_kobold_castle, layout_loops_ring, lemuel_round_altar
D:6:      layout_layer_cave, gup_ossuary_entry_pyramid, gammafunk_ghost_grave,
          minmay_misc_feat_ornament
D:7:      layout_loops_ring, minmay_temple_entry_waves, uniq_duvessa,
          uniq_crazy_yiuf_cottage, uniq_joseph

Skill      XL: |  1  2  3  4  5  6  7  8  9 |
---------------+----------------------------+-----
Transmutations | 3 4 5 6 8 |  8.8
Poison Magic   | 1 2 3 |  3.0
Unarmed Combat | 4 5 6 |  6.6
Spellcasting   | 3 4 |  4.0
Ice Magic      | 2 3 |  3.4
Fighting       | |  1.0
Dodging        | |  2.0

Action                   |  1- 3 |  4- 6 |  7- 9 || total
-------------------------+-------+-------+-------++-------
Melee: Unarmed           |    80 |   154 |   358 ||   592
       Constrict         |    22 |    39 |    55 ||   116
       Kick              |    12 |    26 |    39 ||    77
       Tentacles         |    10 |    23 |    44 ||    77
       Punch             |     1 |     1 |    11 ||    13
 Cast: Beastly Appendage |    19 |    19 |    29 ||    67
       Spider Form       |       |     2 |     5 ||     7
       Ice Form          |       |       |    12 ||    12
       Blade Hands       |       |       |     2 ||     2
 Abil: End Transformatio |     1 |     1 |       ||     2
Evoke: Wand              |       |       |     4 ||     4
  Use: Scroll            |       |     1 |    16 ||    17
       Potion            |       |       |     2 ||     2
 Stab: Sleeping          |     3 |     3 |       ||     6
       Paralysed         |       |       |     9 ||     9
Armor: Skin              |     9 |     8 |    30 ||    47
Dodge: Dodged            |    55 |    99 |   199 ||   353

Table legend: (Time is in decaauts)
 A = Elapsed time spent in this place.
 B = Non-inter-level travel time spent in this place.
 C = Inter-level travel time spent in this place.
 D = Time resting spent in this place.
 E = Time spent auto-exploring this place.
 F = Levels seen in this place.
 G = Mean time per level.
                   A        B        C        D        E       F      G
               +--------+--------+--------+--------+--------+-----+--------+
         Total |  12111 |  11887 |    224 |   3498 |   6412 |   8 | 1513.9 |
       Dungeon |  11312 |  11088 |    224 |   2907 |   6355 |   7 | 1616.0 |
       Ossuary |    799 |    799 |      0 |    591 |     57 |   1 |  799.0 |
               +--------+--------+--------+--------+--------+-----+--------+

Top non-repeatable levels by time:
     D:5: 3653 daAuts
     D:3: 2260 daAuts
     D:6: 2185 daAuts
     D:1: 1318 daAuts
     D:2: 1021 daAuts
 Ossuary: 799 daAuts
     D:4: 665 daAuts
     D:7: 208 daAuts
